 Dungeon Crawl Stone Soup version 0.16-a0-1120-gd281f79 (webtiles) character file.

3499 Qrupt the Sneak (level 9, -10/71 HPs)
             Began as a Vampire Necromancer on Oct 6, 2014.
             Was a Follower of Kikubaaqudgha.
             Mangled by an iron devil
             ... wielding a +0 great sword
             ... summoned by an orc sorcerer
             ... led by an orc knight
              (13 damage)
             ... on level 1 of the Orcish Mines.
             The game lasted 01:12:01 (16955 turns).

Qrupt the Sneak (Vampire Necromancer)              Turns: 16955, Time: 01:12:02

Health: -10/71     AC:  9    Str:  8    XL:     9   Next: 80%
Magic:  21/21      EV: 17    Int: 19    God:    Kikubaaqudgha [*.....]
Gold:   446        SH:  0    Dex: 25    Spells: 7 memorised, 0 levels left

rFire  . . .     SeeInvis +     D - +1 dire flail (freeze) (curse)
rCold  + + +     Clarity  .     v - +2 ring mail {rC+}
rNeg   + + +     SustAb   .     (no shield)
rPois  +         Gourm    .     i - +0 helmet
rElec  .         Spirit   .     (no cloak)
rCorr  .         Warding  .     (no gloves)
rMut   .         Stasis   .     d - +0 pair of boots
MR     .....                    z - amulet of regeneration
Stlth  +++++.....               (no ring)
                                f - +6 ring of dexterity

@: agile, regenerating slowly, not resistant to hostile enchantments, quite
stealthy
A: bottle blood, fangs 3, see invisible, unbreathing
a: Bat Form, Bottle Blood, Receive Corpses, Renounce Religion


You were on level 1 of the Orcish Mines.
You worshipped Kikubaaqudgha.
Kikubaaqudgha was aware of your devotion.
You were near bloodless.

You visited 3 branches of the dungeon, and saw 12 of its levels.
You also visited: Sewer.

You collected 446 gold pieces.

Inventory:

Hand weapons
 g - a +1 whip of electrocution
 p - a +0 blowgun
 B - a +1 scimitar of freezing
 D - a cursed +1 dire flail of freezing (weapon)
Missiles
 q - 41 poisoned needles
Armour
 c - a +0 ring mail of fire resistance
 d - a +0 pair of boots (worn)
 i - a +0 helmet (worn)
 v - a +2 ring mail of cold resistance (worn)
Magical devices
 C - a wand of disintegration (12)
 G - a wand of draining (0)
 H - a wand of draining (5)
Scrolls
 a - 3 scrolls of fog
 u - a scroll of amnesia
 E - a scroll of identify
Jewellery
 f - a +6 ring of dexterity (left hand)
 l - an uncursed ring of ice
 z - an amulet of regeneration (around neck)
 F - an uncursed ring of protection from cold {unknown}
Potions
 e - 2 potions of brilliance
 j - a potion of cancellation {unknown}
 n - 7 potions of curing
 o - 3 potions of flight
 r - 2 potions of might
 s - a potion of confusion {unknown}
 x - a potion of mutation {unknown}
Books
 b - a book of Necromancy

   Spells                             Type                      Level
   *Pain                              Necromancy                   1
   *Animate Skeleton                  Necromancy                   1
   *Vampiric Draining                 Necromancy                   3
   *Regeneration                      Charms/Necromancy            3
   *Animate Dead                      Necromancy                   4
   *Control Undead                    Necromancy                   4
 w - a book of Frost

   Spells                             Type                      Level
   Freeze                             Ice                          1
   Throw Frost                        Conjuration/Ice              2
   Ozocubu's Armour                   Charms/Ice                   3
   Throw Icicle                       Conjuration/Ice              4
   Summon Ice Beast                   Ice/Summoning                4
   Condensation Shield                Ice                          4
 A - Kikubaaqudgha's Handbook of Dark Secrets
   (Kikubaaqudgha gifted it to you on level 8 of the Dungeon)

   Spells                             Type                      Level
   *Animate Skeleton                  Necromancy                   1
   Corpse Rot                         Necromancy                   2
   *Sublimation of Blood              Necromancy                   2
   *Vampiric Draining                 Necromancy                   3
   *Control Undead                    Necromancy                   4


   Skills:
 - Level 6.6 Fighting
 + Level 1.9 Long Blades
 - Level 6.7 Dodging
 - Level 7.2 Stealth
 - Level 5.3 Spellcasting
 - Level 6.4 Charms
 - Level 6.6 Necromancy


You couldn't memorise any spells.
You knew the following spells:

 Your Spells              Type           Power        Failure   Level  Hunger
a - Pain                  Necr           ####         1%          1    None
b - Animate Skeleton      Necr           N/A          1%          1    None
c - Vampiric Draining     Necr           ####......   6%          3    ##.....
d - Regeneration          Chrm/Necr      ####......   8%          3    ##.....
e - Control Undead        Necr           ####......   17%         4    ####...
f - Animate Dead          Necr           N/A          17%         4    ####...
g - Sublimation of Blood  Necr           ####......   2%          2    None


Dungeon Overview and Level Annotations

Branches:
Dungeon (10/15)            Temple (1/1) D:7             Orc (1/4) D:9
   Lair: D:8-11

Altars:
Ashenzari
Cheibriados
Dithmenos
Elyvilon
Fedhas
Gozag
Kikubaaqudgha
Makhleb
Nemelex Xobeh
Okawaru
Qazlal
Ru
Sif Muna
Trog
Vehumet
Xom
Yredelemnul
Zin
The Shining One

Shops:
D:7 *

Annotations:
D:9 ciphuk's ghost, experienced KoEn


Innate Abilities, Weirdness & Mutations

You heal slowly.
You can bottle blood from corpses.
You have razor-sharp teeth.
You have supernaturally acute eyesight.
You can survive without breathing.


Message History

You feel much better.
The orc warrior hits you with a short sword.
The orc warrior hits you with a short sword!
* * * LOW HITPOINT WARNING * * *
The orc knight hits you from afar with a glaive!
* * * LOW HITPOINT WARNING * * *
The orc priest misses you.
The orc priest barely misses your warg zombie.
The orc barely misses you.
Your warg zombie bites the orc priest but does no damage.
Read which item? (? for menu, Esc to quit)
Okay, then.
Drink which item? (? for menu, Esc to quit)
You feel agile all of a sudden.
The orc hits your warg zombie with a club.
The iron devil hits you with a great sword.
* * * LOW HITPOINT WARNING * * *
The iron devil hits you with a great sword!
You die...
Kikubaaqudgha rasps: "You have failed me!
Welcome... oblivion!"

...# .. .. #..... .#...#.
.......## o# ....ooo.# ...
#......o4####....
###....#oo@o#.......
#.....#..ooo.........
.....###...Z.....###.#
###...$# ##.#.o........##
##.....# ######...........
#....#####.####...........
##.....#...................
###..........)...$..>.....
##..#......))...........


You could see an orc knight, an iron devil, an orc sorcerer, 2 orc warriors, 2
orc priests, 5 orcs and a friendly warg zombie.

Vanquished Creatures
  A troll (D:8)
  A warg (Orc:1)
  A water moccasin (D:8)
  2 ice beasts
  3 ogres
  2 centaurs
  4 phantoms
  3 giant frogs
  2 big kobolds
  A gnoll sergeant (D:8)
  A scorpion (D:9)
  5 killer bees (D:9)
  A wight (D:8)
  A goliath beetle (D:9)
  2 crimson imps (D:6)
  4 hounds
  A jelly (D:5)
  3 orc priests
  A giant frog skeleton (D:4)
  3 iguanas
  4 worker ants
  4 orc wizards
  Ijyb (D:7)
  A mummy (D:6)
  2 hound skeletons (D:4)
  4 gnolls (D:8)
  12 adders
  2 giant mites
  4 green rats (Sewer)
  An iguana zombie (D:5)
  2 adder skeletons (D:5)
  2 giant geckos
  An ooze (D:2)
  23 orcs
  7 ball pythons
  3 bat skeletons
  A bat zombie (D:6)
  7 giant cockroaches
  17 hobgoblins
  2 quokkas
  12 bats
  5 giant newts
  13 goblins
  9 jackals
  45 kobolds
  An orc zombie (D:9)
  29 rats
  2 ballistomycetes (D:8)
258 creatures vanquished.

Vanquished Creatures (collateral kills)
  A two-headed ogre (D:8)
  A water moccasin (D:5)
  An ice beast (D:6)
  A centaur (D:5)
  4 wights (D:8)
  A crimson imp (D:8)
  2 giant mites (D:4)
  2 giant geckos (D:4)
  8 orcs
  2 bats
  2 giant cockroaches (D:4)
  A hobgoblin (D:4)
  A jackal (D:6)
  A kobold (D:5)
  A giant newt (Sewer)
  A goblin (D:4)
  A quokka (D:4)
  3 rats (Sewer)
34 creatures vanquished.

Vanquished Creatures (others)
  A water moccasin zombie (D:8)
  A giant frog zombie (D:8)
  An ogre skeleton (D:4)
  A hound skeleton (D:5)
  A hound zombie (D:8)
  A goliath beetle zombie (D:9)
  A goblin zombie (D:7)
  2 adder skeletons
  A bat skeleton (D:4)
  A bat zombie (D:7)
  A ball python skeleton (D:4)
  2 giant spores (D:8)
  3 green rat skeletons (Sewer)
  3 hobgoblin zombies
  2 jackal zombies (D:8)
  3 kobold skeletons
  A kobold zombie (D:8)
  6 orc skeletons
  An orc zombie (D:8)
  A quokka zombie (D:8)
34 creatures vanquished.

Grand Total: 326 creatures vanquished

Notes
Turn   | Place    | Note
--------------------------------------------------------------
     0 | D:1      | Qrupt, the Vampire Necromancer, began the quest for the Orb.
     0 | D:1      | Reached XP level 1. HP: 13/13 MP: 3/3
   812 | D:1      | Reached XP level 2. HP: 14/19 MP: 4/4
   898 | D:1      | Learned a level 1 spell: Animate Skeleton
  1038 | D:1      | Found a glowing golden altar of the Shining One.
  2592 | D:1      | Reached XP level 3. HP: 20/24 MP: 6/6
  2604 | D:1      | Learned a level 3 spell: Vampiric Draining
  3564 | D:2      | Reached skill level 5 in Necromancy
  4059 | D:3      | Found a white marble altar of Elyvilon.
  4289 | D:3      | Reached XP level 4. HP: 23/30 MP: 5/8
  4953 | D:3      | Found a glowing golden altar of the Shining One.
  5057 | D:4      | Reached skill level 5 in Stealth
  5066 | D:4      | Noticed an ogre
  5172 | D:4      | Killed an ogre
  5172 | D:4      | Reached XP level 5. HP: 28/35 MP: 4/11
  5339 | D:4      | Found a glowing drain.
  5394 | Sewer    | Entered a sewer
  6122 | Sewer    | Reached skill level 6 in Stealth
  6122 | Sewer    | Reached XP level 6. HP: 22/41 MP: 7/13
  7170 | Sewer    | Learned a level 3 spell: Regeneration
  7175 | Sewer    | Learned a level 4 spell: Control Undead
  7987 | D:4      | Reached skill level 7 in Stealth
  8257 | D:4      | Reached XP level 7. HP: 43/46 MP: 9/17
  8401 | D:4      | Reached skill level 1 in Charms
  8448 | D:5      | Entered Level 5 of the Dungeon
  9645 | D:5      | Reached skill level 5 in Charms
  9827 | D:5      | Found a deep blue altar of Sif Muna.
 10368 | D:5      | Reached XP level 8. HP: 41/52 MP: 11/18
 11288 | D:6      | Reached skill level 5 in Spellcasting
 11639 | D:6      | Learned a level 4 spell: Animate Dead
 11673 | D:7      | Found Twol's General Store.
 11705 | D:7      | Found a staircase to the Ecumenical Temple.
 11771 | D:7      | Noticed Ijyb
 12384 | D:7      | Killed Ijyb
 12441 | D:7      | Reached skill level 5 in Dodging
 12532 | D:7      | Your ally Ijyb died
 12886 | Temple   | Entered the Ecumenical Temple
 13013 | Temple   | Became a worshipper of Kikubaaqudgha
 13624 | D:8      | Reached XP level 9. HP: 44/57 MP: 3/21
 13801 | D:8      | Reached skill level 1 in Fighting
 13874 | D:8      | Noticed a two-headed ogre
 13881 | D:8      | Killed a two-headed ogre
 14051 | D:8      | Acquired Kikubaaqudgha's first power
 14051 | D:8      | Received a gift from Kikubaaqudgha
 14056 | D:8      | Identified Kikubaaqudgha's Handbook of Dark Secrets (Kikubaaqudgha gifted it to you on level 8 of the Dungeon)
 15231 | D:9      | Noticed ciphuk's ghost (experienced KoEn)
 15542 | D:10     | Entered Level 10 of the Dungeon
 15741 | D:9      | Learned a level 2 spell: Sublimation of Blood
 15773 | D:8      | Reached skill level 5 in Fighting
 16069 | D:9      | Found a staircase to the Orcish Mines.
 16549 | Orc:1    | Entered Level 1 of the Orcish Mines
 16789 | Orc:1    | Noticed an orc sorcerer
 16810 | Orc:1    | Reached skill level 1 in Long Blades
 16951 | Orc:1    | Noticed an iron devil
 16951 | Orc:1    | Noticed an orc knight
 16955 | Orc:1    | HP: 3/71 [iron devil/great sword[an orc knight] (3)]
 16955 | Orc:1    | Mangled by an iron devil

Action                   |  1- 3 |  4- 6 |  7- 9 || total
-------------------------+-------+-------+-------++-------
Melee: Short sword       |   141 |     3 |       ||   144
       Unarmed           |     1 |       |       ||     1
       Whip              |       |   148 |   287 ||   435
       Dire flail        |       |       |    59 ||    59
 Fire: Blowgun           |       |       |    21 ||    21
 Cast: Pain              |    27 |    80 |   106 ||   213
       Animate Skeleton  |       |    15 |    15 ||    30
       Regeneration      |       |     2 |    11 ||    13
       Vampiric Draining |       |     1 |    56 ||    57
       Animate Dead      |       |       |    15 ||    15
       Control Undead    |       |       |     6 ||     6
 Abil: Bottle Blood      |       |       |     2 ||     2
  Use: Potion            |     1 |       |    11 ||    12
       Scroll            |     6 |     3 |    11 ||    20
 Stab: Sleeping          |     4 |     9 |    19 ||    32
       Distracted        |       |     2 |     3 ||     5
  Eat: Corpse            |     1 |     7 |    11 ||    19
